 Dungeon Crawl Stone Soup version 0.27-a0-1565-gad902ab807 (webtiles) character file.

Game seed: 10384907810499439325

107 Sobieck the Digger (level 5, 0/38 HPs)
             Began as a Formicid Earth Elementalist on July 16, 2021.
             Slain by Pikel (4 damage)
             ... on level 3 of the Dungeon.
             The game lasted 00:08:38 (4035 turns).

Sobieck the Digger (Formicid Earth Elementalist)    Turns: 4035, Time: 00:08:38

Health: 0/38       AC:  3    Str: 12    XL:     5   Next: 10%
Magic:  1/8        EV: 12    Int: 16    God:
Gold:   95         SH:  0    Dex: 11    Spells: 5/8 levels left

rFire    . . .     SeeInvis +   a - +1 dagger (vamp) {short}
rCold    . . .     Faith    .   (no shield)
rNeg     . . .     Spirit   .   b - +0 robe
rPois    .         Reflect  .   (helmet unavailable)
rElec    .         Harm     .   n - +0 cloak
rCorr    .         Rampage  .   (no gloves)
Will     .....                  (no boots)
Stlth    ++........             (no amulet)
HPRegen  0.12/turn              (no ring)
MPRegen  0.11/turn              (no ring)

@: no status effects
A: permanent stasis, dig shafts and tunnels, antennae 3, four strong arms
a: Dig, Shaft Self


You were on level 3 of the Dungeon.
You visited 1 branch of the dungeon, and saw 4 of its levels.

You collected 95 gold pieces.


Innate Abilities, Weirdness & Mutations

You cannot be hasted, slowed, berserked, paralysed or teleported.
You can dig through walls and to a lower floor.
You have a pair of large antennae on your head. (SInv)
Your four strong arms can wield two-handed weapons with a shield.


   Skills:
 + Level 2.0 Fighting
 - Level 1.7 Dodging
 + Level 3.8 Stealth
 - Level 2.1 Spellcasting
 - Level 1.1 Transmutations
 * Level 5.3 Earth Magic


You had 5 spell levels left.
You knew the following spells:

 Your Spells              Type           Power      Damage    Failure   Level
a - Sandblast             Erth           36%        2d10      2%          1
b - Passwall              Tmut/Erth      10%        N/A       9%          2

Your spell library contained the following spells:

 Spells                   Type           Power      Damage    Failure   Level
 Magic Dart               Conj           4%         1d3       21%         1
 Stone Arrow              Conj/Erth      20%        3d8       21%         3
 Call Imp                 Summ           1%         N/A       30%         2
 Petrify                  Tmut/Erth      12%        N/A       47%         4
 Call Canine Familiar     Summ           1%         N/A       52%         3
 Mephitic Cloud           Conj/Pois/Air  1%         N/A       52%         3
 Portal Projectile        Hex/Tloc       2%         N/A       52%         3
 Leda's Liquefaction      Hex/Erth       5%         N/A       56%         4

Inventory:

Hand Weapons
 a - a +1 vampiric dagger (weapon) {short}
   (You took it off a kobold on level 2 of the Dungeon)
 d - a +0 dagger {short}
   (You took it off a kobold on level 1 of the Dungeon)
Missiles
 c - 61 stones {throwing}
 g - 19 poisoned darts {throwing}
 j - 17 arrows
 r - 20 sling bullets
 t - 21 bolts
Armour
 b - a +0 robe (worn)
 n - a +0 cloak (worn)
   (You found it on level 3 of the Dungeon)
Wands
 p - a wand of polymorph (7)
   (You found it on level 2 of the Dungeon)
Scrolls
 h - a scroll of magic mapping {!r}
 i - 2 scrolls of enchant weapon {unknown}
 l - 6 scrolls of identify {unknown}
 m - a scroll of enchant armour {unknown}
 o - a scroll of noise {unknown}
 u - 2 scrolls of amnesia {unknown}
Potions
 e - a potion of brilliance {unknown}
 f - a potion of curing {@q1}
 k - a potion of resistance {unknown}
 q - 2 potions of flight {unknown}
 s - a potion of ambrosia {unknown}

Dungeon Overview and Level Annotations

Branches:
Dungeon (4/15)
 Temple: D:4-7

Altars:

Annotations:
D:3 Pikel

#...####..
##########...รท#...
#......# ##.#.....
#.....(# #.#..... #
#......# #.##....
#.###......# ##.###...
#...#......###..###...
#...........#.###....
###.@K....#(..# #....
##......##..###....
#.................
####..###.........
#..###..#..##..
##.....).##..###
........####....
.###............
#..#..[###....


You could see Pikel.


Message History

๐Ÿ˜Ž MP[-1]
You lost 1 mp, and now have 7/8 mp.
A lemure comes into view.
The lemure shouts!
You climb upwards.
There is a stone staircase leading down here.
Casting: Sandblast (safe; 2% risk of failure)
Confirm with . or Enter, or press ? or * to list all spells.
Aiming: Sandblast (safe; 2% risk of failure)
Press: ? - help, Shift-Dir - straight line, f - Pikel
Aim: Pikel, wielding a +2 whip of freezing and wearing a +0 robe (lightly wounded, 74% to hit)
The blast of sand hits Pikel.
Pikel hits you with a +2 whip of freezing.
Pikel freezes you. ๐Ÿ˜• HP[-5] MP[-1]
You take 5 damage, and now have 33/38 hp.
You lost 1 mp, and now have 6/8 mp.
Casting: Sandblast (safe; 2% risk of failure)
Confirm with . or Enter, or press ? or * to list all spells.
Aiming: Sandblast (safe; 2% risk of failure)
Press: ? - help, Shift-Dir - straight line, f/p - Pikel
Aim: Pikel, wielding a +2 whip of freezing and wearing a +0 robe (moderately wounded, 74% to hit)
The blast of sand hits Pikel but does no damage.
Pikel hits you with a +2 whip of freezing!
Pikel freezes you. ๐Ÿ˜ฎ HP[-8] MP[-1]
You take 8 damage, and now have 25/38 hp.
MASSIVE DAMAGE!! (PAUSE)
You lost 1 mp, and now have 5/8 mp.
Casting: Sandblast (safe; 2% risk of failure)
Confirm with . or Enter, or press ? or * to list all spells.
Aiming: Sandblast (safe; 2% risk of failure)
Press: ? - help, Shift-Dir - straight line, f/p - Pikel
Aim: Pikel, wielding a +2 whip of freezing and wearing a +0 robe (moderately wounded, 74% to hit)
The blast of sand hits Pikel but does no damage.
Pikel misses you. ๐Ÿ˜ฎ MP[-1]
You lost 1 mp, and now have 4/8 mp.
Unknown command.
Casting: Sandblast (safe; 2% risk of failure)
Confirm with . or Enter, or press ? or * to list all spells.
Aiming: Sandblast (safe; 2% risk of failure)
Press: ? - help, Shift-Dir - straight line, f/p - Pikel
Aim: Pikel, wielding a +2 whip of freezing and wearing a +0 robe (moderately wounded, 74% to hit)
The blast of sand hits Pikel.
Pikel hits you with a +2 whip of freezing!
* * * LOW HITPOINT WARNING * * *
Pikel freezes you.
* * * LOW HITPOINT WARNING * * *
๐Ÿ˜จ HP[-12]
You take 12 damage, and now have 13/38 hp.
MASSIVE DAMAGE!! (PAUSE)
Casting: Sandblast (safe; 2% risk of failure)
Confirm with . or Enter, or press ? or * to list all spells.
Aiming: Sandblast (safe; 2% risk of failure)
Press: ? - help, Shift-Dir - straight line, f/p - Pikel
Aim: Pikel, wielding a +2 whip of freezing and wearing a +0 robe (moderately wounded, 74% to hit)
The blast of sand hits Pikel but does no damage.
Pikel hits you with a +2 whip of freezing!
* * * LOW HITPOINT WARNING * * *
Pikel freezes you.
* * * LOW HITPOINT WARNING * * *
๐Ÿ˜ฑ HP[-9] MP[-1]
You take 9 damage, and now have 4/38 hp.
MASSIVE DAMAGE!! (PAUSE)
You lost 1 mp, and now have 3/8 mp.
It was a potion of curing.
You feel better.
Pikel hits you with a +2 whip of freezing.
* * * LOW HITPOINT WARNING * * *
Pikel freezes you.
* * * LOW HITPOINT WARNING * * *
๐Ÿ˜ฑ HP[+3]
You regained 3 hp, and now have 7/38 hp.
You feel better.
Pikel hits you but does no damage. ๐Ÿ˜จ HP[+11]
You regained 11 hp, and now have 18/38 hp.
Casting: Sandblast (safe; 2% risk of failure)
Confirm with . or Enter, or press ? or * to list all spells.
Aiming: Sandblast (safe; 2% risk of failure)
Press: ? - help, Shift-Dir - straight line, f/p - Pikel
Aim: Pikel, wielding a +2 whip of freezing and wearing a +0 robe (moderately wounded, 74% to hit)
The blast of sand hits Pikel but does no damage.
Pikel hits you with a +2 whip of freezing.
* * * LOW HITPOINT WARNING * * *
Pikel freezes you.
* * * LOW HITPOINT WARNING * * *
๐Ÿ˜จ HP[-2] MP[-1]
You take 2 damage, and now have 16/38 hp.
You lost 1 mp, and now have 2/8 mp.
Unknown command.
Casting: Sandblast (safe; 2% risk of failure)
Confirm with . or Enter, or press ? or * to list all spells.
Aiming: Sandblast (safe; 2% risk of failure)
Press: ? - help, Shift-Dir - straight line, f/p - Pikel
Aim: Pikel, wielding a +2 whip of freezing and wearing a +0 robe (moderately wounded, 74% to hit)
The blast of sand misses Pikel.
Pikel hits you with a +2 whip of freezing!
* * * LOW HITPOINT WARNING * * *
Pikel freezes you.
You die...

Skill      XL: |  1  2  3  4 |
---------------+-------------+-----
Earth Magic    | 4 5 |  5.3
Fighting       | 1 2 |  2.0
Stealth        | 3 |  3.8
Dodging        | |  1.7
Spellcasting   | |  2.1
Transmutations | |  1.1

Action                   |  1- 3 |  4- 6 || total
-------------------------+-------+-------++-------
Melee: Dagger            |    88 |    95 ||   183
 Cast: Sandblast         |    24 |    14 ||    38
       Passwall          |     2 |     8 ||    10
 Abil: Dig               |     3 |     1 ||     4
  Use: Potion            |       |     2 ||     2
       Scroll            |       |     1 ||     1
 Stab: Sleeping          |     4 |    12 ||    16
Armor: Robe              |    36 |    20 ||    56
Dodge: Dodged            |    85 |    50 ||   135

Levels and vault maps discovered:
D:1:      minmay_arrival_open_corners, layout_basic,
          ebering_ecumenical_altar_mist
D:2:      layout_loops_corners, skrybe_limestone_x, chequers_arboretum,
          minmay_worlds_worst_comb, uniq_robin
D:3:      layout_rooms, serial_shops, shop, cheibrodos_sewer_entry_bend,
          minivault_4
D:4:      layout_basic, chequers_temple_overflow_minitemple,
          corexii_corridor_pit, roderic_lattice_a, uniq_pikel

Notes
Turn   | Place    | Note
-------+----------+-------------------------------------------
     0 | D:1      | Sobieck the Formicid Earth Elementalist began the quest for
                  | the Orb.
     0 | D:1      | Reached XP level 1. HP: 13/13 MP: 3/3
     0 | D:1      | magus.rc [v1.9.6]
   299 | D:1      | Reached XP level 2. HP: 16/20 MP: 3/5
   385 | D:1      | Reached skill level 4 in Earth Magic
   509 | D:1      | Found a faded altar of an unknown god.
   565 | D:1      | You pick up a book of Minor Magic and begin reading...
   565 | D:1      | You add the spells Magic Dart, Call Imp and Mephitic Cloud
                  | to your library.
   966 | D:1      | Reached skill level 1 in Fighting
  1044 | D:1      | Reached skill level 3 in Stealth
  1049 | D:1      | Learned a level 2 spell: Passwall
  1053 | D:1      | Reached XP level 3. HP: 26/26 MP: 3/6
  2273 | D:2      | Reached XP level 4. HP: 32/32 MP: 7/7
  2654 | D:2      | Noticed Robin
  2782 | D:2      | Reached skill level 5 in Earth Magic
  2805 | D:2      | Killed Robin
  2946 | D:2      | Reached skill level 2 in Fighting
  3622 | D:3      | Reached XP level 5. HP: 38/38 MP: 8/8
  3908 | D:3      | You pick up a book of the Hunter and begin reading...
  3908 | D:3      | You add the spells Call Canine Familiar, Portal Projectile
                  | and Leda's Liquefaction to your library.
  4015 | D:4      | Noticed Pikel
  4015 | D:4      | Noticed a lemure
  4020 | D:4      | Noticed a lemure
  4024 | D:4      | Noticed a lemure
  4031 | D:3      | HP: 5/38 [Pikel (8)]
  4035 | D:3      | Slain by Pikel

Vanquished Creatures
  Robin (D:2)
  2 adders
  2 dart slugs
  An orc (D:3)
  4 bats
  3 endoplasms
  9 giant cockroaches
  6 goblins (D:2)
  8 hobgoblins
  2 jackals (D:1)
  4 kobolds
  5 quokkas
  8 ball pythons
  4 frilled lizards
  7 rats
66 creatures vanquished.

Table legend:
 A = Non-vault XP
 B = Vault XP
 C = Vault XP percentage of total XP
 D = Non-vault monster count
 E = Vault monster count
 F = Vault count percentage of total count
                 A         B        C        D         E       F
            +---------+---------+-------+---------+---------+-------
      Total |     115 |      38 |  24.8 |      53 |      13 |  19.7
            +---------+---------+-------+---------+---------+-------
        D:1 |      44 |       0 |   0.0 |      23 |       0 |   0.0
        D:2 |      37 |      38 |  50.7 |      18 |      13 |  41.9
        D:3 |      28 |       0 |   0.0 |      10 |       0 |   0.0
        D:4 |       6 |       0 |   0.0 |       2 |       0 |   0.0
            +---------+---------+-------+---------+---------+-------

Illustrated notes

Table legend:
 A = Kills in this place as a percentage of kills in entire the game.
 B = Kills by you in this place as a percentage of kills by you in the entire game.
 C = Kills by friends in this place as a percentage of kills by friends in the entire game.
 D = Other kills in this place as a percentage of other kills in the entire game.
 E = Experience gained in this place as a percentage of experience gained in the entire game.
 F = Experience gained in this place divided by the number of levels of this place that you have seen.
                   A       B       C       D       E      F
               +-------+-------+-------+-------+-------+----------------------
         Total | 100.0 | 100.0 |   N/A |   N/A | 100.0 |  38.2
       Dungeon | 100.0 | 100.0 |   N/A |   N/A | 100.0 |  38.2
               +-------+-------+-------+-------+-------+----------------------

Table legend: (Time is in decaauts)
 A = Elapsed time spent in this place.
 B = Non-inter-level travel time spent in this place.
 C = Inter-level travel time spent in this place.
 D = Time resting spent in this place.
 E = Time spent auto-exploring this place.
 F = Levels seen in this place.
 G = Mean time per level.
                   A        B        C        D        E       F      G
               +--------+--------+--------+--------+--------+-----+--------+
         Total |   4040 |   3884 |    156 |   1554 |   1556 |   4 | 1010.0 |
       Dungeon |   4040 |   3884 |    156 |   1554 |   1556 |   4 | 1010.0 |
               +--------+--------+--------+--------+--------+-----+--------+

Top non-repeatable levels by time:
     D:1: 1932 daAuts
     D:2: 1563 daAuts
     D:3: 495 daAuts
     D:4: 48 daAuts
